 Dungeon Crawl Stone Soup version 0.31-a0-823-ga682863bf0 (webtiles) character file.

Game seed: 1463905506645165947

4142 qw the Skirmisher (level 10, -1/64 HPs)
             Began as a Gargoyle Hunter on Sept 23, 2023.
             Was a Believer of Okawaru.
             Killed by divine providence
             ... invoked by Jeremiah
              (16 damage)
             ... on level 8 of the Dungeon.
             The game lasted 00:02:12 (5726 turns).

qw the Skirmisher (Gargoyle Hunter)                 Turns: 5726, Time: 00:02:12

Health: -1/64      AC: 16    Str: 15    XL:     10   Next: 27%
Magic:  11/13      EV: 16    Int: 10    God:    Okawaru [**....]
Gold:   274        SH:  5    Dex: 17    Spells: 9/9 levels left

rFire   . . .        Y - +0 hand cannon (freeze)
rCold   + . .        (no shield)
rNeg    + . .        a - +1 leather armour {rPois}
rPois   inf          m - +0 helmet
rElec   +            d - +0 cloak
rCorr   .            h - +0 pair of gloves
SInv    .            (no boots)
Will    .....        n - amulet of reflection
Stlth   +++          e - ring of protection from cold
HPRegen 0.30/turn    (no ring)
MPRegen 0.13/turn

%: reflection
@: heroic
A: sickness immunity, AC +7, negative energy resistance 1, electricity
resistance, torment resistance 1, petrification resistance
a: Renounce Religion, Heroism


You were on level 8 of the Dungeon.
You worshipped Okawaru.
Okawaru was pleased with you.
You visited 2 branches of the dungeon, and saw 10 of its levels.

You collected 439 gold pieces.
You spent 165 gold pieces at shops.


Innate Abilities, Weirdness & Mutations

You are immune to sickness and miasma.
Your stone body is resilient. (AC +7)
You are immune to poison.
You resist negative energy. (rN+)
You are resistant to electric shocks. (rElec)
You are resistant to unholy torment.
You are immune to petrification.


   Skills:
 - Level 8.0(13.0) Fighting
 + Level 11.7(16.7) Ranged Weapons
 - Level 3.3(8.3) Armour
 - Level 3.5(8.5) Dodging
 - Level 1.1(6.1) Stealth
 - Level 4.1 Invocations


You had 9 spell levels left.
You didn't know any spells.
Your spell library was empty.

Inventory:

Hand Weapons
 Y - a +0 hand cannon of freezing (weapon)
Armour
 a - a +1 leather armour of poison resistance (worn)
 c - +0 steam dragon scales
 d - a +0 cloak (worn)
 g - +0 swamp dragon scales
 h - a +0 pair of gloves (worn)
 m - a +0 helmet (worn)
Jewellery
 e - a ring of protection from cold (left hand)
 n - an amulet of reflection (around neck)
Scrolls
 b - a scroll of identify
 j - a scroll of acquirement {unknown}
Potions
 f - 2 potions of resistance
 i - a potion of haste {unknown}
 o - a potion of enlightenment {unknown}
 p - a potion of ambrosia {unknown}
 q - a potion of might
 r - a potion of degeneration {unknown}
 s - a potion of lignification {unknown}

Dungeon Overview and Level Annotations

Branches:
Dungeon (9/15)             Temple (1/1) D:5
   Lair: D:8-11         Orc: D:9-12

Altars:
Ashenzari
Dithmenos
Elyvilon
Hepliaklqana
Kikubaaqudgha
Makhleb
Nemelex Xobeh
Okawaru
Qazlal
Ru
Sif Muna
Trog
Vehumet
Xom
The Shining One

Shops:
D:5 (

Portals:
Bailey: D:9

Annotations:
D:3 1 runed translucent door, Crazy Yiuf
D:4 1 runed translucent door, qw's ghost, amateur GrHu
D:8 Jeremiah


Message History

The butterfly disappears in a burst of colours!
Jeremiah misses you.
The butterfly disappears in a burst of colours!
Jeremiah hits you from afar with a +4 trident of draining!
The butterfly disappears in a burst of colours!
Jeremiah closely misses you.
The butterfly disappears in a burst of colours!
Jeremiah completely misses you.
5712 ||| UPGRADING to +0 steam dragon scales.
The butterfly disappears in a burst of colours! x2
Jeremiah completely misses you.
You start removing your armour.
You continue taking off your +1 leather armour of poison resistance.
Jeremiah closely misses you.
You continue taking off your +1 leather armour of poison resistance.
The butterfly disappears in a burst of colours!
You block Jeremiah's attack.
You stop removing your armour.
The butterfly disappears in a burst of colours!
Jeremiah lets out a twisted cry.
Something smites you!
The butterfly disappears in a burst of colours! x2
Jeremiah closely misses you.
Jeremiah hops!
The butterfly disappears in a burst of colours!
The butterfly disappears in a burst of colours! x2
You feel like a meek peon again.
The butterfly disappears in a burst of colours! x3
5721 ||| INVOKING Heroism.
You gain the combat prowess of a mighty hero.
The butterfly disappears in a burst of colours! x2
The butterfly disappears in a burst of colours! x2
You shoot a bolt. The bolt hits Jeremiah!!
The bolt freezes Jeremiah.
Jeremiah is heavily wounded.
The butterfly disappears in a burst of colours! x4
The butterfly disappears in a burst of colours! x2
The butterfly disappears in a burst of colours! x2
Jeremiah shouts, "O dreadful one, destroy my foe!"
Something smites you!
You die...
Jeremiah asks, "What happened?
Did... did you die?"

...###.#........#.....#
......................#
#..###.#...#...#...#..#
...# #..###.....###.b.#
#.## ##.#.#.###.#)#...#
..# #..##'.....'##Fb.#
### #.#...#####..b#b.#
#...#.#)..#0b.bb.#
#####.#|..'@b.b..#
#.#(..#.#....# ..###
#...#..# #+. .+##...# .
#. .### . .. .. .# .#
#.


You could see Jeremiah.

Vanquished Creatures
  Maggie (D:8)
  Psyche (D:8)
  Prince Ribbit (D:9)
  Eustachio (D:5)
  6 yaks (D:9)
  3 steam dragons (D:8)
  Duvessa (D:6)
  An orc warrior (D:9)
  2 black bears (D:5)
  2 ogres
  A phantom (D:2)
  2 kobold brigands
  A scorpion (D:6)
  2 bullfrogs (D:8)
  Dowan (D:6)
  5 killer bees (D:8)
  2 howler monkeys
  4 hounds
  A jelly (D:8)
  An orc priest (D:8)
  A sleepcap (D:6)
  4 iguanas
  8 orc wizards
  7 adders
  4 gnolls (D:3)
  A shadow imp (D:8)
  An ufetubus (D:3)
  3 worms
  4 dart slugs
  20 orcs
  5 endoplasms
  4 giant cockroaches
  9 goblins
  5 hobgoblins
  6 jackals
  8 kobolds
  9 ball pythons
  6 bats
  4 frilled lizards
  2 rats
150 creatures vanquished.

Notes
Turn   | Place    | Note
-------+----------+-------------------------------------------
     0 | D:1      | qw the Gargoyle Hunter began the quest for the Orb.
     0 | D:1      | Reached XP level 1. HP: 12/12 MP: 1/1
     0 | D:1      | 0 ||| qw: Version: 0.3-a-83-gcd0e7d8
     0 | D:1      | 0 ||| qw: Game counter: 1770
     0 | D:1      | 0 ||| qw: Melee chars always use a shield: true
     0 | D:1      | 0 ||| qw: God list: Okawaru
     0 | D:1      | 0 ||| qw: Allow faded altars: false
     0 | D:1      | 0 ||| qw: Do Orc after clearing Dungeon:15 true
     0 | D:1      | 0 ||| qw: Do second Lair branch before Depths: true
     0 | D:1      | 0 ||| qw: Lair rune preference: random
     0 | D:1      | 0 ||| qw: Goals: Normal
     0 | D:1      | 0 ||| PLANNING D:1-11
   154 | D:1      | Reached XP level 2. HP: 17/17 MP: 2/2
   270 | D:1      | Found a faded altar of an unknown god.
   646 | D:1      | 646 ||| READING 3 scrolls labelled NILUL VAGOBEGO.
   647 | D:1      | 647 ||| READING scroll labelled DESIHA JOEWN.
   648 | D:1      | 648 ||| READING scroll labelled IJAADIE UBAENK.
   649 | D:1      | 649 ||| READING scroll labelled LOPHUMMUOSO.
   652 | D:1      | 652 ||| READING scroll labelled TUKHUO HAWNEBI.
   653 | D:1      | 653 ||| READING scroll labelled CABEOF YDAAMYO.
   654 | D:1      | 654 ||| DROPPING 2 scrolls of blinking.
   655 | D:1      | 655 ||| DROPPING scroll of butterflies.
   746 | D:2      | 746 ||| FLEEEEING.
   751 | D:2      | 751 ||| STAIRDANCE
   777 | D:2      | Reached XP level 3. HP: 16/21 MP: 3/3
   804 | D:2      | Reached skill level 5 in Ranged Weapons
  1318 | D:2      | Reached skill level 3 in Fighting
  1497 | D:2      | 1497 ||| UPGRADING to +0 cloak.
  1502 | D:2      | 1502 ||| UPGRADING to ring of protection from cold.
  1503 | D:2      | 1503 ||| READING scroll labelled PYXTAKO KEMA.
  1504 | D:2      | 1504 ||| READING scroll labelled ZIOROXEJUILA.
  1515 | D:2      | Noticed a phantom
  1534 | D:2      | HP: 3/23 [phantom (6)]
  1535 | D:2      | Killed a phantom
  1536 | D:2      | Reached XP level 4. HP: 5/28 MP: 4/4
  1536 | D:2      | Reached XP level 5. HP: 5/32 MP: 5/5
  1691 | D:3      | 1691 ||| SWAPPING to +0 arbalest.
  1694 | D:3      | 1694 ||| DROPPING +1 shortbow.
  1757 | D:3      | Reached skill level 6 in Ranged Weapons
  1855 | D:3      | Reached skill level 1 in Armour
  1915 | D:3      | Found a runed translucent door.
  1916 | D:3      | Noticed Crazy Yiuf
  2085 | D:3      | 2085 ||| UPGRADING to +0 pair of gloves.
  2090 | D:3      | 2090 ||| DROPPING scarf of harm.
  2091 | D:3      | 2091 ||| UPGRADING to amulet of reflection.
  2096 | D:3      | 2096 ||| READING scroll labelled YCALOC XEA.
  2097 | D:3      | 2097 ||| READING scroll labelled ODOMIF VUJYS.
  2098 | D:3      | 2098 ||| READING scroll labelled WOITRI JAXOESI.
  2099 | D:3      | 2099 ||| DRINKING 2 silvery potions.
  2244 | D:4      | Reached XP level 6. HP: 38/38 MP: 6/6
  2573 | D:4      | Noticed qw's ghost (amateur GrHu)
  2581 | D:4      | Found a runed translucent door.
  2942 | D:4      | 2942 ||| UPGRADING to +0 ring mail.
  2952 | D:4      | 2952 ||| DROPPING +0 leather armour.
  2953 | D:4      | 2953 ||| UPGRADING to +0 helmet.
  2958 | D:4      | 2958 ||| READING scroll labelled NOIHANUUDI.
  3059 | D:4      | 3059 ||| DRINKING 2 fuming golden potions.
  3060 | D:4      | 3060 ||| DROPPING potion of attraction.
  3069 | D:5      | Entered Level 5 of the Dungeon
  3087 | D:5      | Reached XP level 7. HP: 43/43 MP: 7/7
  3088 | D:5      | Reached skill level 7 in Ranged Weapons
  3213 | D:5      | HP: 9/43 [ogre/+0 giant club (19)]
  3214 | D:5      | 3214 ||| READING scroll of teleportation.
  3215 | D:5      | 3215 ||| DRINKING potion of heal wounds.
  3350 | D:5      | Reached skill level 8 in Ranged Weapons
  3361 | D:5      | Found Tokegob's Firing Range.
  3368 | D:5      | 3368 ||| BUYING +0 hand cannon (49 gold).
  3368 | D:5      | Bought a +0 hand cannon for 49 gold pieces
  3368 | D:5      | 3368 ||| BUYING +0 hand cannon of freezing (116 gold).
  3368 | D:5      | Bought a +0 hand cannon of freezing for 116 gold pieces
  3368 | D:5      | 3368 ||| SHOPLISTING +0 triple crossbow (140 gold, have
                  | 97).
  3368 | D:5      | 3368 ||| SWAPPING to +0 hand cannon of freezing.
  3369 | D:5      | 3369 ||| DROPPING +0 hand cannon.
  3370 | D:5      | 3370 ||| DROPPING +0 arbalest of chaos.
  3439 | D:5      | Found a staircase to the Ecumenical Temple.
  3440 | D:5      | 3440 ||| PLANNING TEMPLE
  3440 | D:5      | 3440 ||| DRINKING 2 smoky inky potions.
  3545 | D:5      | 3545 ||| READING 2 scrolls of identify.
  3545 | D:5      | 3545 ||| IDENTIFYING fuming red potion
  3546 | D:5      | 3546 ||| DROPPING potion of berserk rage.
  3557 | Temple   | Entered the Ecumenical Temple
  3558 | Temple   | 3558 ||| PLANNING OKAWARU WORSHIP
  3563 | Temple   | Became a worshipper of Warmaster Okawaru
  3564 | Temple   | 3564 ||| PLANNING D:1-11
  3577 | D:5      | Noticed Eustachio
  3580 | D:5      | 3580 ||| RETREEAATING.
  3582 | D:5      | 3582 ||| Stepping ~*~*~tactically~*~*~ (retreating).
  3583 | D:5      | 3583 ||| Stepping ~*~*~tactically~*~*~ (retreating).
  3592 | D:5      | 3592 ||| Stepping ~*~*~tactically~*~*~ (retreating).
  3594 | D:5      | 3594 ||| Stepping ~*~*~tactically~*~*~ (retreating).
  3595 | D:5      | 3595 ||| Stepping ~*~*~tactically~*~*~ (retreating).
  3596 | D:5      | 3596 ||| Stepping ~*~*~tactically~*~*~ (retreating).
  3597 | D:5      | 3597 ||| Stepping ~*~*~tactically~*~*~ (retreating).
  3600 | D:5      | 3600 ||| Stepping ~*~*~tactically~*~*~ (retreating).
  3602 | D:5      | 3602 ||| Stepping ~*~*~tactically~*~*~ (retreating).
  3610 | D:5      | Killed Eustachio
  3611 | D:5      | Reached XP level 8. HP: 31/49 MP: 8/8
  3822 | D:5      | 3822 ||| UPGRADING to +1 leather armour of poison
                  | resistance.
  3832 | D:5      | 3832 ||| DROPPING +0 ring mail.
  3833 | D:5      | 3833 ||| DRINKING 2 amethyst potions.
  4193 | D:6      | Noticed Duvessa
  4194 | D:6      | Noticed Dowan
  4196 | D:6      | Killed Duvessa
  4207 | D:6      | Killed Dowan
  4208 | D:6      | Reached skill level 9 in Ranged Weapons
  4233 | D:6      | Reached * piety under Okawaru
  4796 | D:6      | Reached skill level 1 in Invocations
  4797 | D:6      | 4797 ||| READING 4 scrolls labelled FAUTIR PUPSE.
  4798 | D:6      | 4798 ||| READING scroll labelled QOEWITHRONU.
  4799 | D:6      | 4799 ||| DROPPING 3 scrolls of revelation.
  4898 | D:7      | You fall into a shaft and drop 2 floors!
  4909 | D:9      | Noticed Prince Ribbit
  4910 | D:9      | 4910 ||| INVOKING Heroism.
  4919 | D:9      | Killed Prince Ribbit
  4920 | D:9      | Reached skill level 6 in Fighting
  4956 | D:9      | Found a flagged portal.
  4974 | D:9      | 4974 ||| INVOKING Heroism.
  4979 | D:9      | Reached XP level 9. HP: 56/56 MP: 6/10
  4983 | D:9      | 4983 ||| Stepping ~*~*~tactically~*~*~ (retreating).
  4985 | D:9      | 4985 ||| Stepping ~*~*~tactically~*~*~ (retreating).
  4993 | D:9      | Reached skill level 3 in Invocations
  5001 | D:9      | 5001 ||| INVOKING Heroism.
  5013 | D:9      | Reached ** piety under Okawaru
  5014 | D:9      | Reached skill level 10 in Ranged Weapons
  5016 | D:9      | 5016 ||| INVOKING Heroism.
  5019 | D:9      | Reached skill level 3 in Dodging
  5132 | D:9      | 5132 ||| READING scroll labelled PYEMUAZAMU.
  5182 | D:8      | Noticed Psyche
  5183 | D:8      | 5183 ||| INVOKING Heroism.
  5189 | D:8      | Killed Psyche
  5189 | D:8      | Noticed Maggie
  5203 | D:8      | 5203 ||| INVOKING Heroism.
  5204 | D:8      | Killed Maggie
  5205 | D:8      | Reached skill level 11 in Ranged Weapons
  5208 | D:8      | Reached skill level 3 in Armour
  5208 | D:8      | Reached XP level 10. HP: 48/63 MP: 3/13
  5393 | D:8      | Found an ancient bone altar of Kikubaaqudgha.
  5406 | D:8      | Reached *** piety under Okawaru
  5480 | D:8      | 5480 ||| INVOKING Heroism.
  5666 | D:8      | 5666 ||| INVOKING Heroism.
  5688 | D:8      | Noticed Jeremiah
  5698 | D:8      | 5698 ||| INVOKING Heroism.
  5700 | D:8      | 5700 ||| UPGRADING to +0 steam dragon scales.
  5712 | D:8      | 5712 ||| UPGRADING to +0 steam dragon scales.
  5715 | D:8      | HP: 11/64 [Jeremiah/divine providence (12)]
  5721 | D:8      | 5721 ||| INVOKING Heroism.
  5726 | D:8      | Killed from afar by Jeremiah

Levels and vault maps discovered:
D:1:      saegor_arrival_simple_c, layout_basic,
          hellmonk_ecumenical_altar_pennies_from_heaven, serial_forest,
          infiniplex_forest_clump_small, infiniplex_forest_lined_3,
          infiniplex_forest_lined_room_3, infiniplex_forest_straight_4,
          infiniplex_forest_clump_double, infiniplex_forest_lined_corner,
          infiniplex_forest_side_room, patterned_corridor
D:2:      layout_basic
D:3:      layout_rooms, uniq_crazy_yiuf_cottage
D:4:      layout_rooms, hellmonk_ghost_happy_afterlife, serial_bayou,
          serial_bayou_lagoon_b, serial_bayou_pond_a, serial_bayou_shore_b,
          serial_bayou_ford_a, wad_floor_pattern_untrapped, minmay_cupped
D:5:      layout_loops_cross, minmay_temple_entry_statues_pillars,
          nicolae_shop_firing_range, uniq_eustachio
D:6:      layout_basic, uniq_duvessa
D:7:      layout_loops_ring, nicolae_overflow_macrodata_refinement,
          yredelemnul_forgotten_temple_becter, wad_mini_maze
D:8:      layout_basic, old_standard_altar, minmay_fractal_squares_diagonal_5,
          uniq_psyche, uniq_jeremiah, uniq_maggie
D:9:      layout_long_grid, enter_bailey_5, nzn_random_ring, uniq_joseph,
          uniq_erica, uniq_prince_ribbit1
Temple:   eino_narrow_crystal_temple

Skill      XL: |  1  2  3  4  5  6  7  8  9 10 |
---------------+-------------------------------+-----
Ranged Weapons | 5 6 8 9 11 | 11.7
Fighting       | 3 4 5 6 7 8 |  8.0
Armour         | 1 2 3 |  3.3
Dodging        | 2 3 |  3.5
Invocations    | 1 4 |  4.1
Stealth        | |  1.1

Action                     |  1- 3 |  4- 6 |  7- 9 | 10-12 || total
---------------------------+-------+-------+-------+-------++-------
   Fire: Shortbow          |   128 |     9 |       |       ||   137
         Arbalest          |       |    77 |    23 |       ||   100
         Hand cannon       |       |       |   142 |    52 ||   194
 Invoke: Heroism           |       |       |     6 |     4 ||    10
    Use: Scroll            |     8 |     4 |     5 |       ||    17
         Potion            |       |     2 |     3 |       ||     5
 Armour: Leather armour    |    44 |    34 |    34 |    44 ||   156
         Ring mail         |       |     1 |    24 |       ||    25
  Dodge: Dodged            |    32 |    13 |    58 |    40 ||   143
  Block: Other             |       |     8 |    18 |    14 ||    40
         Reflection        |       |     1 |       |       ||     1

Table legend:
 A = Non-vault XP
 B = Vault XP
 C = Vault XP percentage of total XP
 D = Non-vault monster count
 E = Vault monster count
 F = Vault count percentage of total count
                 A         B        C        D         E       F
            +---------+---------+-------+---------+---------+-------
      Total |    3985 |    1933 |  32.7 |     132 |      19 |  12.6
            +---------+---------+-------+---------+---------+-------
        D:1 |      20 |       0 |   0.0 |      12 |       0 |   0.0
        D:2 |     161 |       0 |   0.0 |      23 |       0 |   0.0
        D:3 |      91 |       0 |   0.0 |      18 |       0 |   0.0
        D:4 |     233 |      20 |   7.9 |      16 |       4 |  20.0
        D:5 |     653 |     214 |  24.7 |      14 |       1 |   6.7
        D:6 |     380 |     216 |  36.2 |      11 |       2 |  15.4
        D:8 |     923 |    1198 |  56.5 |      20 |       7 |  25.9
        D:9 |    1524 |     285 |  15.8 |      18 |       5 |  21.7
            +---------+---------+-------+---------+---------+-------
